cohdb
Replays
Latest Replays
All Replays
Popular Replays
Top Player Replays
Match Explorer
How It Works
Community
CoH3 Stats
Reddit
Sign in to upload your games and track your stats! →
Sign in with Steam
Match 38900340
Unlisted
Match 38900340
Overview
Messages
Build Orders
End
Engineer Squad
Construct Weapon Support Center
Selects Special Operations Battlegroup
Engineer Squad
M1919 Machine Gun Team
Construct Medical Station
Bazooka Squad
Infantry Support Center
Bazooka Squad
M3 Armored Personnel Carrier
Bazooka Squad
Selects M29 Weasel with M1 Pack Howitzer
Selects Smoke Screen
Selects SSF Commando Squad
SSF Commando Squad
Construct Motor Pool
M8 Greyhound Armored Car
SSF Commando Squad
Construct Tank Depot
Selects P-47 Anti-Infantry Loiter
P-47 Anti-Infantry Loiter
M1 Anti-tank Gun Team
M4A1 Sherman Medium Tank
Smoke Screen
P-47 Anti-Infantry Loiter
SSF Commando Squad
tkotu
UH|dun! ツ
0
0
Comments
sign in to comment!
No comments posted yet!